AoeStats
← SSx pankeRs

Arena

509173641Analyzed
2v2 RM · 7d ago on Sep 25, 2026· 33m 44s· 4 players
Game mode
Random Map
Map size
Medium (4 player)
Population
200
Speed
Normal
Resources
Standard
Victory
Conquest
Starting age
Dark Age
Ending age
Imperial Age
RankedLock teamsTeams togetherTeam positionsShared explorationLock speedFull tech treeHidden civsTurbo modeCheats
Victory
Defeat
🇧🇷 Britons · Brazil
1383
+16
🇲🇽 Malians · Mexico
1310
+20
🇲🇽 Portuguese · Mexico
1381
-18
🇲🇽 Teutons · Mexico
1381
-18
marley1954
10:54 Feudal Age
9:13 Loom
14:57 Castle Age
13:36 Stone Mining
14:01 Horse Collar
14:40 Double-Bit Axe
18:09 Bow Saw
21:25 Town Watch
23:57 Wheelbarrow
24:37 Fletching
25:43 Heavy Plow
29:43 Imperial Age
27:40 Gold Mining
29:09 Hand Cart
30:04 Bodkin Arrow
30:50 Conscription
33:53 Chemistry
adrian_mares30
10:54 Feudal Age
9:43 Loom
15:20 Castle Age
13:26 Double-Bit Axe
15:14 Horse Collar
25:35 Imperial Age
24:14 Bow Saw
24:07 Heavy Plow
25:46 Wheelbarrow
27:25 Caravan
31:32 Arquebus
Jonny Nuevo México
10:28 Feudal Age
14:14 Castle Age
12:16 Double-Bit Axe
12:27 Horse Collar
15:10 Bow Saw
15:02 Heavy Plow
25:26 Imperial Age
23:54 Gold Mining
24:42 Forging
26:02 Gold Shaft Mining
28:08 Iron Casting
27:49 Scale Mail Armor
30:03 Fletching
33:15 Scale Barding Armor
34:28 Chain Mail Armor
SSx pankeRs
6:34 Loom
8:46 Feudal Age
17:00 Castle Age
15:11 Double-Bit Axe
15:55 Horse Collar
18:37 Bow Saw
18:29 Heavy Plow
24:00 Fletching
24:44 Bodkin Arrow
30:30 Imperial Age
28:54 Padded Archer Armor
29:20 Ballistics
30:20 Leather Archer Armor
32:48 Warwolf
33:00 Bracer
Connection lost

Rejoining the realm…

Still unreachable

The connection could not be restored.

Session expired

The server has moved on; the page needs a fresh start.